 Dungeon Crawl Stone Soup version 0.26-a0-362-g1d9a9cd4fa (webtiles) character file.

Game seed: 9306260942440655597

135 BritishOli the Skirmisher (level 4, -1/37 HPs)
             Began as a Demonspawn Fighter on July 18, 2020.
             Was an Initiate of Okawaru.
             Shot with a stone by a goblin (3 damage)
             ... on level 3 of the Dungeon.
             The game lasted 00:01:25 (2157 turns).

BritishOli the Skirmisher (Demonspawn Fighter)      Turns: 2157, Time: 00:01:26

Health: -1/37      AC:  4    Str: 17    XL:     4   Next: 97%
Magic:  4/4        EV:  7    Int: 10    God:    Okawaru [......]
Gold:   139        SH:  9    Dex: 12    Spells: 3/3 levels left

rFire    . . .     SeeInvis .   a - +0 long sword
rCold    . . .     Faith    .   c - +0 kite shield
rNeg     . . .     Spirit   .   b - +0 scale mail
rPois    .         Reflect  .   (helmet restricted)
rElec    .         Harm     .   (no cloak)
rCorr    .                      (no gloves)
MR       .....                  f - +0 pair of boots
Stlth    ..........             (no amulet)
HPRegen  0.12/turn              (no ring)
MPRegen  0.09/turn              (no ring)

@: corroded
A: antennae 1, demonic guardian 1
a: Renounce Religion


You were on level 3 of the Dungeon.
You worshipped Okawaru.
Okawaru was noncommittal.
You visited 1 branch of the dungeon, and saw 3 of its levels.

You collected 139 gold pieces.

Inventory:

Hand Weapons
 a - a +0 long sword (weapon)
Armour
 b - a +0 scale mail (worn)
 c - a +0 kite shield (worn)
 f - a +0 pair of boots (worn)
Jewellery
 p - a cursed ring of attention {unknown}
Scrolls
 g - 2 scrolls of remove curse {unknown}
 h - a scroll of fear {unknown}
 i - a scroll of immolation {unknown}
 k - 2 scrolls of identify {unknown}
 l - a scroll of magic mapping {unknown}
 m - a scroll of enchant armour {unknown}
 n - a scroll of random uselessness {unknown}
 q - a scroll of teleportation {unknown}
Potions
 d - 3 potions of might
 e - a potion of stabbing {unknown}
 j - a potion of curing {unknown}
 o - a potion of degeneration {unknown}


   Skills:
 + Level 3.8 Fighting
 + Level 2.7 Long Blades
 + Level 3.4 Armour
 + Level 3.4 Shields


You had 3 spell levels left.
You didn't know any spells.
Your spell library contained the following spells:

 Spells                   Type           Power        Failure   Level
 Animate Skeleton         Necr           #.....       99%         1
 Apportation              Tloc           #.....       99%         1
 Corona                   Hex            #......      99%         1
 Summon Small Mammal      Summ           #...         99%         1


Dungeon Overview and Level Annotations

Branches:
Dungeon (3/15)

Altars:
Okawaru
Uskayaw


Innate Abilities, Weirdness & Mutations

You have a pair of small antennae on your head.
A weak demonic guardian rushes to your aid.


Message History

a +0 dagger; a cursed +0 scale mail; a wand of acid (8)
Your shield prevents you from hitting the goblin.
The goblin is severely wounded.
Your quasit bites the goblin.
The goblin dies!
Okawaru accepts your kill. You block the goblin's attack.
The goblin shoots a stone.
The stone hits you.
* * * LOW HITPOINT WARNING * * *
The goblin hits you but does no damage. You block the goblin's attack.
You swap places.
Your quasit bites the goblin.
Your quasit claws the goblin.
The goblin dies!
Okawaru accepts your kill.
The goblin shoots a stone.
You block the stone. The goblin closely misses your quasit.
Things that are here:
a +0 dagger; 3 stones Your quasit misses the goblin.
Your quasit claws the goblin.
Your quasit closely misses the goblin.
The goblin shoots a stone.
The stone hits you.
You die...

... #.##รท#
#########..#
#.##.########
#.8.8.8.8..#
#..)).......#
#..........#
####.#.######
#$.........# #.#.#
#......g..)# #.#.#
#!.........# #.#.#
#.....g5)..# #.#.# #
#.8.8.8)8@#######...#
.
#########(........#.#
#.#######.#.# #.#
#.#.# #.# #.#.# #.#
#.#.# #.# #.#.# ###
#.### #.#


You could see 2 goblins and a friendly quasit (summoned).

Vanquished Creatures
  Jessica (D:2)
  An adder (D:3)
  A dart slug (D:1)
  3 leopard geckos
  3 orcs (D:3)
  3 ball pythons
  3 bats
  A giant cockroach (D:1)
  4 goblins
  7 hobgoblins
  4 quokkas
  2 frilled lizards (D:1)
  5 kobolds
  5 rats
43 creatures vanquished.

Vanquished Creatures (collateral kills)
  An orc wizard (D:3)
  Ijyb (D:3)
  An orc (D:3)
  4 goblins (D:3)
7 creatures vanquished.

Grand Total: 50 creatures vanquished

Notes
Turn   | Place    | Note
-------+----------+-------------------------------------------
     0 | D:1      | BritishOli the Demonspawn Fighter began the quest for the
                  | Orb.
     0 | D:1      | Reached XP level 1. HP: 18/18 MP: 1/1
    77 | D:1      | Found an iron altar of Okawaru.
   109 | D:1      | Became a worshipper of Warmaster Okawaru
   444 | D:1      | Gained mutation: You have a pair of small antennae on your
                  | head. [demonic ancestry]
   444 | D:1      | Reached XP level 2. HP: 22/24 MP: 2/2
  1173 | D:2      | Gained mutation: A weak demonic guardian rushes to your
                  | aid. [demonic ancestry]
  1173 | D:2      | Reached XP level 3. HP: 29/29 MP: 3/3
  1234 | D:2      | Noticed Jessica
  1240 | D:2      | Killed Jessica
  1351 | D:2      | Found a hide-covered altar of Uskayaw.
  1774 | D:3      | Reached XP level 4. HP: 35/35 MP: 4/4
  2145 | D:3      | Noticed Ijyb
  2153 | D:3      | Killed Ijyb
  2155 | D:3      | HP: 1/37 [goblin/stone (1)]
  2157 | D:3      | Shot with a stone by a goblin

Illustrated notes

Levels and vault maps discovered:
D:1:      giann_wishing_wells, layout_loops_ring, okawaru_ov_weapons_minmay
D:2:      layout_basic, nicolae_overflow_crystal_walls,
          kennysheep_generic_room_4, uniq_jessica
D:3:      kennysheep_the_goblin_king, layout_basic

Skill      XL: |  1  2 |
---------------+-------+-----
Long Blades    | 2 |  2.7
Shields        | 3 |  3.4
Armour         | 3 |  3.4
Fighting       | |  3.8

Action                   |  1- 3 |  4- 6 || total
-------------------------+-------+-------++-------
Melee: Long sword        |   123 |    41 ||   164
 Stab: Distracted        |       |     1 ||     1
Armor: Scale mail        |    65 |    27 ||    92
Dodge: Dodged            |    33 |    19 ||    52
Block: Kite shield       |    67 |    30 ||    97
       Rpst.: Long sword |     6 |     5 ||    11

Table legend:
 A = Non-vault XP
 B = Vault XP
 C = Vault XP percentage of total XP
 D = Non-vault monster count
 E = Vault monster count
 F = Vault count percentage of total count
                 A         B        C        D         E       F
            +---------+---------+-------+---------+---------+-------
      Total |     124 |      70 |  36.1 |      43 |       6 |  12.2
            +---------+---------+-------+---------+---------+-------
        D:1 |      26 |       0 |   0.0 |      15 |       0 |   0.0
        D:2 |      25 |      36 |  59.0 |      14 |       2 |  12.5
        D:3 |      73 |      34 |  31.8 |      14 |       4 |  22.2
            +---------+---------+-------+---------+---------+-------
